 Dungeon Crawl Stone Soup version 0.25-a0-287-g56a5b49 (console) character file.

Game seed: 5153548194230178080, levelgen mode: deterministic

1991 swinepaste the Jinx (level 9, -5/49 HPs)
             Began as a Vampire Enchanter on Dec 12, 2019.
             Was an Initiate of Sif Muna.
             Slain by a two-headed ogre
             ... wielding a +0 giant club
              (23 damage)
             ... on level 6 of the Dungeon.
             The game lasted 00:23:15 (8875 turns).

swinepaste the Jinx (Vampire Enchanter)             Turns: 8875, Time: 00:23:16

Health: -5/49      AC:  8    Str:  7    XL:     9   Next: 1%
Magic:  9/13       EV: 14    Int: 21    God:    Sif Muna [......]
Gold:   201        SH:  0    Dex: 14    Spells: 5/14 levels left

rFire    . . .     SeeInvis +   b - +1 short sword (venom)
rCold    + + +     Gourm    .   (no shield)
rNeg     + + +     Faith    .   A - +3 leather armour
rPois    ∞         Spirit   .   (no helmet)
rElec    .         Reflect  .   e - +1 cloak
rCorr    +         Harm     .   (no gloves)
MR       .....                  (no boots)
Stlth    +++++.....             (no amulet)
HPRegen  0.00/turn              c - ring of resist corrosion
MPRegen  0.13/turn              n - ring of protection from cold

@: bloodless
A: no food, fangs 3, see invisible, unbreathing
a: Bat Form, Revivify, Renounce Religion


You were on level 6 of the Dungeon.
You worshipped Sif Muna.
Sif Muna was noncommittal.
You were bloodless.

You visited 2 branches of the dungeon, and saw 7 of its levels.
You also visited: Sewer.

You collected 393 gold pieces.
You spent 192 gold pieces at shops.

Inventory:

Hand Weapons
 a - a +1 dagger
 b - a +1 short sword of venom (weapon)
 m - a +1 antimagic dagger
 y - a +4 falchion of freezing
Missiles
 s - 30 poisoned darts (quivered)
Armour
 e - a +1 cloak (worn)
 z - a +0 robe
 A - a +3 leather armour (worn)
Jewellery
 c - a ring of resist corrosion (left hand)
 n - a ring of protection from cold (right hand)
Scrolls
 d - 2 scrolls of immolation
 f - 4 scrolls of identify
 h - 2 scrolls of blinking
 v - 5 scrolls of teleportation
Potions
 g - 6 potions of curing {unknown}
 i - a potion of berserk rage {unknown}
 j - 3 potions of flight {unknown}
 k - a potion of brilliance {unknown}
 l - a potion of lignification {unknown}
 p - a potion of haste {unknown}
 q - a potion of might {unknown}
 r - a potion of ambrosia {unknown}
 t - a potion of heal wounds {unknown}
 B - a potion of degeneration {unknown}


   Skills:
 + Level 2.5 Fighting
 - Level 6.0 Short Blades
 + Level 1.3 Armour
 * Level 5.4 Dodging
 - Level 7.5 Stealth
 - Level 3.1 Spellcasting
 - Level 1.1 Conjurations
 - Level 10.2 Hexes
 - Level 1.6 Ice Magic


You had 5 spell levels left.
You knew the following spells:

 Your Spells              Type           Power        Failure   Level  Hunger
a - Corona                Hex            #####..      1%          1    N/A
c - Confuse               Hex            #####...     1%          3    N/A
e - Ensorcelled Hibernat  Hex/Ice        ####..       2%          2    N/A
f - Dazzling Flash        Conj/Hex       ####..       5%          3    N/A

Your spell library contained the following spells:

 Spells                   Type           Power        Failure   Level  Hunger
 Tukima's Dance           Hex            #####...     1%          3    N/A
 Summon Guardian Golem    Hex/Summ       ###.....     7%          3    N/A
 Summon Small Mammal      Summ           #...         19%         1    N/A
 Call Imp                 Summ           #.......     28%         2    N/A
 Call Canine Familiar     Summ           #.......     50%         3    N/A
 Summon Ice Beast         Ice/Summ       #.......     80%         4    N/A
 Summon Lightning Spire   Summ/Air       #.......     88%         4    N/A

Dungeon Overview and Level Annotations

Branches:
Dungeon (6/15)             Temple (1/1) D:6           Sewer (visited)

Altars:
Ashenzari
Cheibriados
Dithmenos
Elyvilon
Fedhas
Gozag
Kikubaaqudgha
Nemelex Xobeh
Okawaru
Qazlal
Ru
Sif Muna
Trog
Uskayaw
Vehumet
Wu Jian
Xom
Yredelemnul
The Shining One

Shops:
D:5 [(


Innate Abilities, Weirdness & Mutations

You do not eat.
You do not regenerate when monsters are visible.
You are frail without blood (-20% HP).
You can heal yourself when you bite living creatures.
You are immune to poison.
You have razor-sharp teeth.
You have supernaturally acute eyesight. (SInv)
You can survive without breathing.


Message History

The leopard gecko misses you.
You barely miss the two-headed ogre.
The two-headed ogre is severely wounded.
You hit the two-headed ogre.
The two-headed ogre is almost dead.
You hit the two-headed ogre.
The two-headed ogre is almost dead.
The two-headed ogre closely misses you.
The two-headed ogre hits you but does no damage.
You hit the two-headed ogre but do no damage.
The two-headed ogre is almost dead.
You hit the two-headed ogre but do no damage.
The two-headed ogre is poisoned.
The two-headed ogre is almost dead.
The two-headed ogre closely misses you. x2
The two-headed ogre is no longer blind.
You see here a ration.
The two-headed ogre hits you with a +0 giant club!
The two-headed ogre hits you with a +0 giant spiked club!!
You die...

#.#
#.#######.....#
#.## #.#
###.#.# #..#
#.#### .# ##.#
#....# # #.#
####.# #># #.#
#. #.#
#.#####?.(. #.#
#.#.........#
#.# #.#V# # .#
#.# #.#O# #.<#
(# #.# #.#.#
#..# .# #.#
#.#.# #..# .#
##.# #.#.#
#!.##.#####.
...# #.#.#
#...........
####
#.#.###l##...#
#.......#..#..#
###.#.....##
....


You could see a two-headed ogre.

Vanquished Creatures
  Grinder (D:4)
  Eustachio (D:4)
  An orc warrior (D:6)
  A necrophage (D:5)
  An ogre (D:5)
  A centaur (D:5)
  2 big kobolds (Sewer)
  A gnoll sergeant (D:5)
  A scorpion (D:4)
  3 wights (D:5)
  2 howler monkeys
  2 crimson imps
  A hound (D:4)
  A bullfrog skeleton (D:4)
  Crazy Yiuf (D:5)
  An orc priest (D:6)
  A jelly (D:6)
  An orc wizard (D:6)
  2 iguanas (D:6)
  4 worker ants
  13 gnolls
  14 adders
  6 river rats (D:6)
  7 oozes
  2 adder skeletons
  9 worms
  5 leopard geckos
  13 orcs
  9 bats
  3 giant cockroaches
  5 goblins
  7 hobgoblins
  6 jackals
  5 kobolds
  3 quokkas
  9 ball pythons
  5 frilled lizards
  15 rats
165 creatures vanquished.

Notes
Turn   | Place    | Note
-------+----------+-------------------------------------------
     0 | D:1      | swinepaste the Vampire Enchanter began the quest for the
                  | Orb.
     0 | D:1      | Reached XP level 1. HP: 13/13 MP: 3/3
   221 | D:1      | Reached skill level 5 in Hexes
   221 | D:1      | Reached XP level 2. HP: 19/19 MP: 5/5
   225 | D:1      | Learned a level 2 spell: Ensorcelled Hibernation
   981 | D:1      | Reached XP level 3. HP: 15/19 MP: 1/6
  1031 | D:1      | Learned a level 3 spell: Confuse
  1322 | D:2      | Reached skill level 6 in Hexes
  1793 | D:2      | Reached XP level 4. HP: 24/24 MP: 3/8
  2118 | D:3      | Found a sacrificial altar of Ru.
  2126 | D:3      | Reached skill level 7 in Hexes
  2167 | D:3      | Learned a level 3 spell: Dazzling Flash
  2261 | D:3      | Reached XP level 5. HP: 28/28 MP: 6/9
  2363 | D:3      | Found an opulent altar of Gozag.
  3030 | D:2      | Reached skill level 5 in Stealth
  3579 | D:3      | Found a snail-covered altar of Cheibriados.
  3579 | D:3      | Found a sacrificial altar of Ru.
  3689 | D:4      | Noticed Grinder
  3693 | D:4      | Noticed Eustachio
  3701 | D:4      | Killed Grinder
  3701 | D:4      | Reached XP level 6. HP: 17/32 MP: 0/10
  3879 | D:4      | Killed Eustachio
  3879 | D:4      | Reached skill level 5 in Short Blades
  3879 | D:4      | Reached XP level 7. HP: 27/36 MP: 4/11
  5108 | D:5      | Entered Level 5 of the Dungeon
  5237 | D:5      | Found Oloxuo's Armour Shoppe.
  6099 | D:5      | Reached skill level 1 in Ice Magic
  6287 | D:5      | Reached skill level 1 in Conjurations
  6287 | D:5      | Reached skill level 8 in Hexes
  6301 | D:5      | Found Eggaidext's Antique Weapon Shoppe.
  6316 | D:5      | Reached XP level 8. HP: 41/41 MP: 9/12
  6508 | D:5      | Reached skill level 9 in Hexes
  6598 | D:5      | Bought a glowing short sword for 192 gold pieces
  6634 | D:5      | Reached skill level 10 in Hexes
  6846 | D:5      | Found a runed translucent door.
  6847 | D:5      | Noticed Crazy Yiuf
  6880 | D:5      | Killed Crazy Yiuf
  7226 | D:6      | Found a glowing drain.
  7233 | Sewer    | Entered a sewer
  7255 | Sewer    | Reached skill level 1 in Fighting
  8286 | D:6      | Reached skill level 5 in Dodging
  8357 | D:6      | Reached skill level 1 in Armour
  8543 | D:6      | Found a staircase to the Ecumenical Temple.
  8600 | Temple   | Entered the Ecumenical Temple
  8676 | Temple   | Became a worshipper of Sif Muna the Loreminder
  8838 | D:6      | Reached XP level 9. HP: 46/49 MP: 13/13
  8852 | D:6      | Noticed a two-headed ogre
  8875 | D:6      | Slain by a two-headed ogre

Levels and vault maps discovered:
D:1:      mrwooster_arrival_statue_3, layout_basic
D:2:      layout_rooms
D:3:      layout_rooms, grunt_gozag_statues, amethyst_overflow_temple_binary,
          nicolae_ru_awakened_eye
D:4:      layout_basic, uniq_grinder, uniq_eustachio
D:5:      layout_basic, first_ration, serial_shops, shop, shop,
          uniq_crazy_yiuf_cottage
D:6:      layout_loops_ring, minmay_temple_entry_butterflies,
          lightli_sewer_entry_pipes
Temple:   nicolae_temple_x_marks_the_god

Skill      XL: |  1  2  3  4  5  6  7  8 |
---------------+-------------------------+-----
Hexes          | 5 6 7 8 10 | 10.2
Spellcasting   | 3 |  3.1
Short Blades   | 4 5 6 |  6.0
Stealth        | 6 7 |  7.5
Ice Magic      | 1 |  1.6
Conjurations   | 1 |  1.1
Dodging        | 5 |  5.4
Fighting       | 2 |  2.5
Armour         | 1 |  1.3

Action                   |  1- 3 |  4- 6 |  7- 9 || total
-------------------------+-------+-------+-------++-------
Melee: Dagger            |   106 |    69 |    74 ||   249
       Bite              |     6 |     8 |    14 ||    28
       Short sword       |       |       |   210 ||   210
Throw: Dart              |       |       |    10 ||    10
 Cast: Ensorcelled Hiber |    24 |    25 |    72 ||   121
       Confuse           |       |     6 |    19 ||    25
       Dazzling Flash    |       |       |     4 ||     4
 Abil: Exsanguinate      |     1 |       |       ||     1
  Use: Scroll            |       |       |    12 ||    12
 Stab: Sleeping          |    25 |    22 |    68 ||   115
       Confused          |       |     3 |     9 ||    12
       Invisible         |       |       |     2 ||     2
       Distracted        |       |       |     1 ||     1
Armor: Robe              |    45 |    11 |    19 ||    75
       Leather armour    |       |       |    11 ||    11
Dodge: Dodged            |   110 |    48 |   139 ||   297

Table legend:
 A = Non-vault XP
 B = Vault XP
 C = Vault XP percentage of total XP
 D = Non-vault monster count
 E = Vault monster count
 F = Vault count percentage of total count
                 A         B        C        D         E       F
            +---------+---------+-------+---------+---------+-------
      Total |    1907 |     938 |  33.0 |     124 |      41 |  24.8
            +---------+---------+-------+---------+---------+-------
        D:1 |      55 |       0 |   0.0 |      25 |       0 |   0.0
        D:2 |      80 |       0 |   0.0 |      17 |       0 |   0.0
        D:3 |     160 |       0 |   0.0 |      23 |       0 |   0.0
        D:4 |     316 |     480 |  60.3 |      13 |       2 |  13.3
        D:5 |     789 |      41 |   4.9 |      28 |       1 |   3.4
        D:6 |     507 |     107 |  17.4 |      18 |      10 |  35.7
      Sewer |       0 |     310 | 100.0 |       0 |      28 | 100.0
            +---------+---------+-------+---------+---------+-------
